 Dungeon Crawl Stone Soup version 0.28.0-53-g5a82cb258f (webtiles) character file.

Game seed: 8081281572891429755

47 Descartes the Ducker (level 3, -4/17 HPs)
             Began as a Felid Monk on June 28, 2022.
             Killed from afar by an orc wizard (10 damage)
             ... with a puff of flame
             ... on level 2 of the Dungeon.
             The game lasted 00:03:06 (1891 turns).

Descartes the Ducker (Felid Monk)                   Turns: 1891, Time: 00:03:07

Health: -4/17      AC:  1    Str:  9    XL:     3   Next: 48%
Magic:  4/4        EV: 19    Int: 11    God:
Gold:   51         SH:  0    Dex: 18    Spells: 2/2 levels left
                                        Lives:  0   Deaths: 0

rFire   . . .      SeeInvis +     - Unarmed
rCold   . . .      Faith    .   (shield unavailable)
rNeg    . . .      Spirit   .   (armour unavailable)
rPois   .          Reflect  .   (helmet unavailable)
rElec   .          Harm     .   (cloak unavailable)
rCorr   .          Rampage  .   (gloves unavailable)
Will    .....                   (boots unavailable)
Stlth   +++.......              (no amulet)
HPRegen 0.05/turn               (no ring)
MPRegen 0.09/turn               (no ring)

@: quick
A: very small, claws 1, fangs 3, see invisible, speed 1, shaggy fur 1, stealthy
paws, no weapons or thrown items, no armour, multi-lived
a: no special abilities


You were on level 2 of the Dungeon.
You visited 1 branch of the dungeon, and saw 2 of its levels.

You collected 51 gold pieces.

Inventory:

Missiles
 c - 74 stones
Scrolls
 a - a scroll of acquirement {unknown}
 b - a scroll of summoning {unknown}
 d - a scroll of torment {unknown}
 f - a scroll of identify {unknown}
 g - a scroll of holy word {unknown}
Potions
 e - a potion of degeneration {unknown}


   Skills:
 + Level 3.4 Fighting
 + Level 4.5 Dodging
 + Level 3.6 Stealth
 + Level 3.4 Unarmed Combat


You had 2 spell levels left.
You didn't know any spells.
Your spell library was empty.

Dungeon Overview and Level Annotations

Branches:
Dungeon (2/15)

Altars:

Annotations:
D:2 Natasha, Sigmund


Innate Abilities, Weirdness & Mutations

You have sharp claws.
You have razor-sharp teeth.
You have supernaturally acute eyesight. (SInv)
You cover ground quickly. (Speed+)
You are covered in fur. (AC +1)
Your paws help you pounce on unaware monsters.
You are incapable of wielding weapons or throwing items.
You cannot wear armour.
You gain extra lives every three experience levels.


Message History

An orc wizard comes into view. It is wielding a +0 dagger.
An orc comes into view.
It is wielding a +0 hand axe. 2 orcs come into view.
The orc wizard shouts!
The orc shouts! x3
You barely miss the orc. The orc hits you with a +0 whip.
You closely miss the orc.
The orc shouts!
You claw the orc. You bite the orc.
The orc is moderately wounded.
The orc completely misses you.
The orc wizard points at you and mumbles some strange words.
The magic dart hits you!
A worm and an adder come into view.
You closely miss the adder. Your claw misses the adder. The adder bites you.
* * * LOW HITPOINT WARNING * * *
The adder barely misses you.
There is a stone staircase leading up here.
The adder bites you but does no damage.
You climb upwards.
There is a stone staircase leading down here.
You scratch the adder. You bite the adder.
The adder is almost dead.
The adder closely misses you. The adder barely misses you.
You scratch the adder.
You kill the adder!
HP restored.
Done exploring.
There is a stone staircase leading down here.
You climb downwards.
Level annotation: Natasha, Sigmund The orc wizard points at you and mumbles some strange words.
The puff of flame misses you.
There is a stone staircase leading up here.
The orc wizard gestures at you while chanting.
The puff of flame hits you!
Ouch! That really hurt!
The orc wizard gestures at you while chanting.
The puff of flame hits you!
Ouch! That really hurt!
You die...

#.#..###
##############.#....#
#..............#....#
#.....##########.###_
#.....# #....#
#.....# #....#
#.....##########..###
#.......#.....##....#
#...@..........#####'
#...............#....
#...o...........#....
#...............#....
#....o..........###.#
#..o............##..#
#...............##.##
#o.............###.#
#.#....[......## #.#


You could see an orc wizard and 3 orcs.

Vanquished Creatures
  An adder (D:1)
  3 endoplasms
  2 giant cockroaches (D:1)
  5 goblins
  5 hobgoblins
  2 quokkas (D:1)
  5 ball pythons
  4 bats
  3 frilled lizards
  2 kobolds (D:1)
  2 rats
34 creatures vanquished.

Notes
Turn   | Place    | Note
-------+----------+-------------------------------------------
     0 | D:1      | Descartes the Felid Monk began the quest for the Orb.
     0 | D:1      | Reached XP level 1. HP: 10/10 MP: 2/2
   247 | D:1      | Reached XP level 2. HP: 14/14 MP: 3/3
   991 | D:2      | Noticed Sigmund
  1021 | D:2      | Noticed Natasha
  1056 | D:2      | Reached XP level 3. HP: 7/17 MP: 4/4
  1519 | D:2      | Found a faded altar of an unknown god.
  1891 | D:2      | Killed from afar by an orc wizard

Illustrated notes

Levels and vault maps discovered:
D:1:      dpeg_arrival_orchard, layout_loops_ring
D:2:      layout_rooms, shapermc_ecumenical_altar_notcrosses,
          kennysheep_generic_room_11, uniq_sigmund, uniq_natasha

Skill      XL: |  1 |
---------------+----+-----
Stealth        | 3 |  3.6
Fighting       | |  3.4
Dodging        | |  4.5
Unarmed Combat | |  3.4

Action                   || total
-------------------------++-------
Melee: Unarmed           ||    88
       Bite              ||     5
       Punch             ||     2
  Use: Potion            ||     1
 Stab: Sleeping          ||     8
Armor: Skin              ||     8
Dodge: Dodged            ||    96
